 Dungeon Crawl Stone Soup version 0.30-a0-540-g0af01429fa (webtiles) character file.

Game seed: 2198072572675847610

6 hikkokomori the Sneak (level 1, 0/9 HPs)
             Began as a Spriggan Enchanter on Dec 25, 2022.
             Slain by a kobold
             ... wielding a +0 club
              (3 damage)
             ... on level 1 of the Dungeon.
             The game lasted 00:00:44 (234 turns).

hikkokomori the Sneak (Spriggan Enchanter)           Turns: 234, Time: 00:00:44

Health: 0/9        AC:  2    Str:  4    XL:     1   Next: 75%
Magic:  5/5        EV: 17    Int: 16    God:
Gold:   30         SH:  0    Dex: 15    Spells: 5/5 levels left

rFire   . . .      SeeInvis +    a - +1 dagger
rCold   . . .      Faith    .    (no shield)
rNeg    . . .      Spirit   .    b - +0 robe
rPois   .          Reflect  .    (helmet restricted)
rElec   .          Harm     .    (no cloak)
rCorr   .          Rampage  .    (gloves unavailable)
Will    .....                    (boots unavailable)
Stlth   +++                      (no amulet)
HPRegen 0.21/turn                (no ring)
MPRegen 0.09/turn                (no ring)

@: very quick
A: very small, no large weapons, unfitting armour, see invisible, speed 3
a: no special abilities


You were on level 1 of the Dungeon.
You visited 1 branch of the dungeon, and saw 1 of its levels.

You collected 30 gold pieces.

Inventory:

Hand Weapons
 a - a +1 dagger (weapon)
Armour
 b - a +0 robe (worn)
Potions
 c - 2 potions of invisibility
 d - a potion of haste {unknown}


   Skills:
 + Level 1.3 Short Blades
 + Level 2.8 Dodging
 + Level 4.5 Stealth
 + Level 2.8 Spellcasting
 + Level 3.7 Hexes


You had 5 spell levels left.
You didn't know any spells.
Your spell library contained the following spells:

 Spells                   Type           Power      Damage    Failure   Level
 Confusing Touch          Hex            14%        N/A       12%         3
 Tukima's Dance           Hex            14%        N/A       12%         3
 Ensorcelled Hibernation  Hex/Ice        16%        N/A       13%         2
 Dazzling Flash           Conj/Hex       16%        N/A       26%         3


Dungeon Overview and Level Annotations

Branches:
Dungeon (1/15)

Altars:


Innate Abilities, Weirdness & Mutations

You are very small and have problems with some larger weapons.
You are too small for most types of armour.
You have supernaturally acute eyesight. (SInv)
You cover ground extremely quickly. (Speed+++)


Message History

You hit the jackal.
You kill the jackal!
The jackal misses you.
You closely miss the jackal. The jackal bites you.
You hit the jackal.
The jackal is heavily wounded.
The jackal bites you.
* * * LOW HITPOINT WARNING * * *
You miss the jackal.
The jackal is moderately wounded.
The jackal bites you.
* * * LOW HITPOINT WARNING * * *
The jackal misses you.
Found a purple potion.
An endoplasm comes into view.
A hobgoblin comes into view.
The hobgoblin shouts!
You hear a shout!
The hobgoblin misses you. The hobgoblin barely misses you.
Found 3 stones.
A kobold comes into view. It is wielding a +0 club.
The kobold is caught in a web!
A hobgoblin, a bat and a kobold come into view.
The kobold shouts!
The hobgoblin shouts!
The hobgoblin evades a web.
The kobold struggles to get unstuck from the web.
Found Plato's Atlas of the Commander.
Found a faded altar of an unknown god.
The bat is caught in a web!
The bat struggles to get unstuck from the web.
The bat pulls away from the web.
The kobold pulls away from the web.
The bat closely misses you.
The bat is caught in a web!
You are caught in the web!
Found a book of the Hunter.
The bat pulls away from the web.
The kobold completely misses you. The hobgoblin hits you.
The kobold hits you but does no damage. The bat barely misses you.
There is a web here.
You disentangle yourself.
The bat hits you but does no damage. The hobgoblin closely misses you.
The kobold completely misses you. The kobold hits you with a +0 club.
You die...

..................#
..#..###.......J..##
..##.##.!..#####h..##
..##.##...#....P#P..##
.###.....#.#####.#...#
## ###..#.#. .P#.#P.#
###....# # #####(#.#.#
....#..# #P#._b#.#.#.#
##### ..^.^.^@K.g.# #
......Kg....# #
.......###### .......
....... ^.....# ...:..
#.###.


You could see 2 hobgoblins, a bat and 2 kobolds.

Vanquished Creatures
  A dart slug (D:1)
  A jackal (D:1)
  2 kobolds (D:1)
  A rat (D:1)
5 creatures vanquished.

Notes
Turn   | Place    | Note
-------+----------+-------------------------------------------
     0 | D:1      | hikkokomori the Spriggan Enchanter began the quest for the
                  | Orb.
     0 | D:1      | Reached XP level 1. HP: 9/9 MP: 5/5
   230 | D:1      | Found a faded altar of an unknown god.
   234 | D:1      | Slain by a kobold

Illustrated notes

Levels and vault maps discovered:
D:1:      matt_arrival_spirals, layout_rooms,
          shapermc_ecumenical_altar_rom_forum, skrybe_limestone_x,
          grunt_decor_junction, amethyst_killhole

Action                   || total
-------------------------++-------
Melee: Dagger            ||    25
 Stab: Sleeping          ||     1
Armor: Robe              ||     3
Dodge: Dodged            ||    27

Table legend: (Time is in decaauts)
 A = Elapsed time spent in this place.
 B = Non-inter-level travel time spent in this place.
 C = Inter-level travel time spent in this place.
 D = Time resting spent in this place.
 E = Time spent auto-exploring this place.
 F = Levels seen in this place.
 G = Mean time per level.
                   A        B        C        D        E       F      G
               +--------+--------+--------+--------+--------+-----+--------+
         Total |    154 |    154 |      0 |      0 |     90 |   1 |  154.0 |
       Dungeon |    154 |    154 |      0 |      0 |     90 |   1 |  154.0 |
               +--------+--------+--------+--------+--------+-----+--------+

Top non-repeatable levels by time:
     D:1: 154 daAuts
